 Dungeon Crawl Stone Soup version 0.27-a0-998-g4cfe56dd59 (webtiles) character file.

Game seed: 743432945037614418

16424 tilp the Slicer (level 12, -6/64 HPs)
             Began as a Vine Stalker Brigand on Apr 16, 2021.
             Was a Believer of Uskayaw.
             Mangled by a centaur warrior
             ... wielding a +3 battleaxe of venom
              (7 damage)
             ... on level 9 of the Dungeon.
             The game lasted 00:15:45 (8713 turns).

tilp the Slicer (Vine Stalker Brigand)              Turns: 8713, Time: 00:15:46

Health: -6/64      AC: 13    Str: 19    XL:     12   Next: 37%
Magic:  0/22       EV:  9    Int: 11    God:    Uskayaw [**....]
Gold:   535        SH:  6    Dex: 21    Spells: 11/11 levels left

rFire    . . .     SeeInvis .   a - +11 rapier of Disintegration {freeze, Str+5}
rCold    . . .     Faith    .   x - +0 buckler
rNeg     . . .     Spirit   +   q - +0 chain mail
rPois    .         Reflect  .   z - +0 helmet
rElec    .         Harm     .   c - +1 cloak
rCorr    .         Rampage  .   n - +1 pair of gloves
Will     +....                  (no boots)
Stlth    +.........             (no amulet)
HPRegen  1.20/turn              y - ring of magical power
MPRegen  0.18/turn              (no ring)

@: lethally poisoned (-6 -> -14), flying
A: fangs 3, regeneration 1, magic shield, antimagic bite, no potion heal 2
a: Renounce Religion, Stomp, Line Pass


You were on level 9 of the Dungeon.
You worshipped Uskayaw.
Uskayaw was noncommittal.
You visited 2 branches of the dungeon, and saw 10 of its levels.
You also visited: Sewer.

You collected 535 gold pieces.

Inventory:

Hand Weapons
 a - the +11 rapier of Disintegration (weapon) {freeze, Str+5}
   (You took it off an orc on level 5 of the Dungeon)

   It has been specially enchanted to freeze those struck by it, causing extra
   injury to most foes and up to half again as much damage against particularly
   susceptible opponents.
   It can also slow down cold-blooded creatures.
   It affects your strength (+5).
 b - a +1 vampiric dagger
 i - a +0 short sword of holy wrath
 m - a +0 dagger of electrocution
 w - a +2 dagger of flaming
 F - a +3 dagger
Missiles
 d - 50 poisoned darts (quivered)
 A - 3 curare-tipped darts {!f}
 E - 5 boomerangs
 J - 11 javelins
Armour
 c - a +1 cloak (worn)
 e - a +2 robe of fire resistance
 f - a +0 ring mail
 n - a +1 pair of gloves (worn)
 q - a +0 chain mail (worn)
 r - a +2 leather armour of cold resistance
 x - a +0 buckler (worn)
 z - a +0 helmet (worn)
Jewellery
 y - a ring of magical power (left hand)
Wands
 p - a wand of flame (5)
 B - a wand of iceblast (5)
 G - a wand of acid (6)
Scrolls
 g - a scroll of fear
 j - 7 scrolls of enchant weapon
 k - 2 scrolls of blinking
 t - 3 scrolls of fog
 D - 6 scrolls of teleportation
Potions
 h - a potion of might
 o - a potion of degeneration {unknown}
 s - a potion of mutation {unknown}
 u - a potion of invisibility {unknown}
 v - a potion of lignification {unknown}
 C - a potion of haste {unknown}
 H - a potion of experience
 I - a potion of curing {unknown}


   Skills:
 + Level 8.0 Fighting
 + Level 13.7 Short Blades
 - Level 1.7 Throwing
 - Level 4.0 Dodging
 - Level 6.0 Stealth
 - Level 4.0 Shields
 - Level 4.0 Evocations


You had 11 spell levels left.
You didn't know any spells.
Your spell library contained the following spells:

 Spells                   Type           Power      Damage    Failure   Level
 Foxfire                  Conj/Fire      0%         2x1d4     99%         1
 Magic Dart               Conj           0%         1d3       99%         1
 Sting                    Tmut/Pois      0%         1d3       99%         1
 Blink                    Tloc           N/A        N/A       100%        2
 Call Imp                 Summ           0%         N/A       100%        2
 Poisonous Vapours        Pois/Air       0%         N/A       100%        2
 Slow                     Hex            0%         N/A       100%        2
 Conjure Flame            Conj/Fire      0%         6-21      100%        3
 Ignite Poison            Fire/Tmut/Pois 0%         N/A       100%        3
 Inner Flame              Hex/Fire       0%         N/A       100%        3
 Mephitic Cloud           Conj/Pois/Air  0%         N/A       100%        3
 Olgreb's Toxic Radiance  Pois           0%         N/A       100%        4
 Sticky Flame             Conj/Fire      0%         2d3       100%        4
 Fireball                 Conj/Fire      0%         3d3       100%        5


Dungeon Overview and Level Annotations

Branches:
Dungeon (9/15)             Temple (1/1) D:7           Sewer (visited)
   Lair: D:8-11         Orc: D:9-12

Altars:
Ashenzari
Cheibriados
Dithmenos
Elyvilon
Fedhas
Hepliaklqana
Kikubaaqudgha
Makhleb
Nemelex Xobeh
Okawaru
Qazlal
Ru
Sif Muna
Trog
Uskayaw
Xom
Yredelemnul
Zin

Shops:
D:9 (

Annotations:
D:5 1 runed translucent door, Crazy Yiuf


Innate Abilities, Weirdness & Mutations

You have razor-sharp teeth.
Your natural rate of healing is unusually fast.
When hurt, damage is shared between your health and your magic reserves.
Your bite disrupts and absorbs the magic of your enemies.
Potions cannot restore your health.


Message History

You are more poisoned.
The centaur warrior kicks you but does no damage.
You can now pass through a line of other dancers.
You barely miss the centaur warrior. Your bite misses the centaur warrior.
The centaur warrior is moderately wounded.
You feel sick. The centaur warrior barely misses you.
The centaur warrior closely misses you.
Unknown command.
It was a potion of experience.
You feel more experienced!
Your Short Blades skill gained 2 levels and is now at level 13!
Training target 12.0 for Short Blades reached!
You need to enable at least one skill for training.
You have reached level 12!
Your experience leads to an increase in your attributes!
Your base attributes are Str 14, Int 11, Dex 19.
Increase (S)trength, (I)ntelligence, or (D)exterity?
You feel agile. x2
You feel very sick.
The centaur warrior hits you with a +3 battleaxe of venom!
* * * LOW HITPOINT WARNING * * *
The centaur warrior kicks you but does no damage.
A kobold brigand comes into view.
It is wielding a +0 short sword and quivering poisoned darts.
The kobold brigand shouts!
Unknown command.
Your chain mail prevents you from hitting the centaur warrior.
You bite the centaur warrior, but do no damage.
The centaur warrior is moderately wounded.
You feel sick.
The centaur warrior hits you with a +3 battleaxe of venom.
* * * LOW HITPOINT WARNING * * *
You are lethally poisoned!
The centaur warrior kicks you but does no damage.
It was a potion of flight.
You feel very buoyant.
You fly up into the air.
* * * LOW HITPOINT WARNING * * *
You feel very sick.
The centaur warrior hits you with a +3 battleaxe of venom!
You die...

+#####
.....#################
.....#....#..........# .
###..#....#..........# ..
..#..#....#..#....####...
..).......)..#....#......
###.........†#...........
..###########†).@........
..# ........###c#####.#
..# ........##.K.##
..###########.#.#.#.#
.<....... ..........#
......... ..#..#..#.#
......... ....#.c#..#..#
.######## ###.###.### #.#
.# .. ...


You could see a centaur warrior and a kobold brigand.

Vanquished Creatures
  A centaur warrior (D:9)
  A deep elf pyromancer (D:9)
  A manticore (D:8)
  An ugly thing (D:9)
  Sigmund (D:5)
  The ghost of c4ctus5 the Grave Robber, an amateur DENe (D:4)
  9 spriggans (D:8)
  5 yaks
  A wyvern (D:8)
  2 steam dragons (D:8)
  Menkaure (D:5)
  2 water moccasins
  Purgy (D:3)
  An ice beast (D:7)
  4 orc warriors
  Duvessa (D:4)
  A sky beast (D:7)
  2 black bears
  A necrophage (D:7)
  2 centaurs
  3 phantoms
  Blork the orc (D:4)
  6 kobold brigands
  4 bullfrogs
  2 wyvern zombies
  A scorpion (D:6)
  Dowan (D:4)
  A wyvern skeleton (D:7)
  A killer bee (D:9)
  2 wights (D:8)
  2 howler monkeys
  A gnoll shaman (D:4)
  6 orc priests
  A hound (D:5)
  6 jellies
  Terence (D:2)
  A bullfrog skeleton (D:6)
  2 iguanas
  Natasha (thrice) (D:3)
  9 orc wizards
  A killer bee zombie (D:8)
  A hound zombie (D:5)
  Robin (D:4)
  9 gnolls
  10 adders
  A white imp (D:7)
  An adder skeleton (D:4)
  6 worms
  3 dart slugs
  35 orcs
  11 ball pythons
  5 endoplasms
  2 giant cockroaches
  4 hobgoblins
  4 jackals (D:4)
  3 quokkas
  4 bats
  2 frilled lizards
  11 goblins
  10 kobolds
  9 rats
226 creatures vanquished.

Vanquished Creatures (others)
  An orc wizard (D:5)
  A quokka (D:8)
2 creatures vanquished.

Grand Total: 228 creatures vanquished

Notes
Turn   | Place    | Note
-------+----------+-------------------------------------------
     0 | D:1      | tilp the Vine Stalker Brigand began the quest for the Orb.
     0 | D:1      | Reached XP level 1. HP: 11/11 MP: 2/2
   389 | D:1      | Reached skill level 2 in Short Blades
   540 | D:1      | Reached XP level 2. HP: 15/15 MP: 3/3
  1118 | D:2      | Reached XP level 3. HP: 9/19 MP: 2/4
  1555 | D:2      | Found a faded altar of an unknown god.
  1827 | D:2      | Found a bloodstained altar of Trog.
  1834 | D:2      | Noticed Terence
  1841 | D:2      | Killed Terence
  1842 | D:2      | Reached skill level 3 in Short Blades
  1842 | D:2      | Gained mutation: Your natural rate of healing is unusually
                  | fast. [Vine Stalker growth]
  1842 | D:2      | Reached XP level 4. HP: 24/24 MP: 5/5
  2295 | D:3      | Found a burning altar of Makhleb.
  2297 | D:3      | Noticed Natasha
  2302 | D:3      | Killed Natasha
  2303 | D:3      | Reached XP level 5. HP: 28/28 MP: 6/6
  2340 | D:3      | Noticed Natasha
  2352 | D:3      | Killed Natasha
  2453 | D:3      | Noticed Purgy
  2478 | D:3      | Killed Purgy
  2479 | D:3      | Reached skill level 4 in Short Blades
  2479 | D:3      | Reached skill level 1 in Dodging
  2479 | D:3      | Reached XP level 6. HP: 24/33 MP: 3/7
  2537 | D:3      | Found a glowing silver altar of Zin.
  2622 | D:3      | Found a sacrificial altar of Ru.
  2747 | D:3      | Noticed Natasha
  2759 | D:3      | Killed Natasha
  3137 | D:4      | Noticed Blork the orc
  3150 | D:4      | Killed Blork the orc
  3151 | D:4      | Reached skill level 5 in Short Blades
  3164 | D:4      | Identified the +1 robe of Aliqy {rN+ Dex+3}
  3267 | D:4      | Reached XP level 7. HP: 37/37 MP: 8/8
  3316 | D:4      | Noticed Robin
  3352 | D:4      | Killed Robin
  3706 | D:4      | Reached skill level 6 in Short Blades
  3734 | D:4      | Noticed Duvessa
  3753 | D:4      | Noticed Dowan
  3758 | D:4      | Killed Duvessa
  3759 | D:4      | Reached skill level 5 in Stealth
  3780 | D:4      | Killed Dowan
  3908 | D:4      | Found a large runed translucent door.
  3910 | D:4      | Found a large runed translucent door.
  3912 | D:4      | Noticed c4ctus5's ghost (amateur DENe)
  4086 | D:4      | Gained mutation: You have razor-sharp teeth. [Vine Stalker
                  | growth]
  4086 | D:4      | Reached XP level 8. HP: 38/42 MP: 9/9
  4402 | D:4      | Killed c4ctus5's ghost
  4403 | D:4      | Reached skill level 5 in Fighting
  4450 | D:5      | Entered Level 5 of the Dungeon
  4592 | D:5      | Noticed Sigmund
  4616 | D:5      | Killed Sigmund
  4617 | D:5      | Reached skill level 7 in Short Blades
  5055 | D:5      | Noticed Menkaure
  5059 | D:5      | Killed Menkaure
  5178 | D:5      | Identified the +11 rapier of Disintegration {freeze, Str+5}
  5378 | D:5      | Found a runed translucent door.
  5379 | D:5      | Noticed Crazy Yiuf
  5473 | D:6      | Reached XP level 9. HP: 48/48 MP: 10/10
  5495 | D:6      | Reached skill level 8 in Short Blades
  5500 | D:6      | Identified the +1 leather armour "Duri" {Rampage Fly rCorr
                  | Int-4}
  5553 | D:6      | Found a glowing drain.
  5578 | Sewer    | Entered a sewer
  6288 | D:6      | Found a shadowy altar of Dithmenos.
  6660 | D:7      | Found a staircase to the Ecumenical Temple.
  6831 | D:7      | Reached skill level 9 in Short Blades
  7069 | D:7      | Reached skill level 10 in Short Blades
  7403 | D:8      | Reached skill level 1 in Shields
  7403 | D:8      | Reached skill level 1 in Evocations
  7403 | D:8      | Reached XP level 10. HP: 53/53 MP: 11/11
  7441 | Temple   | Entered the Ecumenical Temple
  7631 | Temple   | Became a worshipper of Uskayaw the Reveller
  7709 | D:8      | Found an ancient bone altar of Kikubaaqudgha.
  7721 | D:8      | Reached * piety under Uskayaw
  7726 | D:8      | Reached ** piety under Uskayaw
  7727 | D:8      | Reached *** piety under Uskayaw
  7955 | D:8      | Noticed a manticore
  7964 | D:8      | Killed a manticore
  7978 | D:8      | Found a white marble altar of Elyvilon.
  8182 | D:8      | Reached **** piety under Uskayaw
  8185 | D:8      | Reached ***** piety under Uskayaw
  8472 | D:9      | Reached XP level 11. HP: 58/58 MP: 12/12
  8494 | D:9      | Reached ****** piety under Uskayaw
  8499 | D:9      | Found Engitrez's Weapon Boutique.
  8585 | D:9      | Noticed a centaur warrior
  8603 | D:9      | Killed a centaur warrior
  8604 | D:9      | Reached skill level 11 in Short Blades
  8616 | D:9      | Noticed a red ugly thing
  8637 | D:9      | Killed a red ugly thing
  8667 | D:9      | Noticed a deep elf pyromancer
  8679 | D:9      | Killed a deep elf pyromancer
  8699 | D:9      | Noticed a centaur warrior
  8711 | D:9      | Reached skill level 13 in Short Blades
  8711 | D:9      | Reached XP level 12. HP: 15/64 MP: 12/13
  8713 | D:9      | HP: 1/64 [poisoned by a centaur warrior]
  8713 | D:9      | Mangled by a centaur warrior

Illustrated notes

Levels and vault maps discovered:
D:1:      shiori_angband_town, layout_basic
D:2:      layout_basic, basic_ecumenical_altar, basic_altar, uniq_terence
D:3:      layout_rooms, overflow_temple_1_default, amcnicky_altar_gilded,
          nicolae_ru_awakened_eye, bh_walls_and_bars, uniq_purgy, uniq_natasha
D:4:      layout_basic, ebering_ghost_disaster_area, hangedman_decor_slide_cut,
          chequers_serial_rivers_micro_e, uniq_robin, uniq_duvessa,
          uniq_blork_the_orc
D:5:      layout_loops_ring, hangedman_glass_teeth, uniq_menkaure, uniq_sigmund,
          uniq_crazy_yiuf_cottage
D:6:      layout_rooms, grunt_dithmenos_shadows, cheibrodos_sewer_entry_bend,
          hangedman_decor_push
D:7:      layout_loops_corners, minmay_temple_entry_trees, minmay_circle_x
D:8:      kb_forest_paths, layout_rooms, elyvilon_altar_4, old_standard_altar,
          kennysheep_flooded_box
D:9:      minmay_the_grid_square_5x5_3x3 [minmay_the_grid_square_5x5_shrine1,
          minmay_the_grid_square_5x5_seven,
          minmay_the_grid_square_5x5_tri_point,
          minmay_the_grid_square_5x5_hourglass,
          minmay_the_grid_square_5x5_megaprize_crossed,
          minmay_the_grid_square_5x5_eight,
          minmay_the_grid_square_5x5_doubleslash, minmay_the_grid_square_5x5_n,
          minmay_the_grid_square_5x5_meh], layout_grid_maze, david_orc_2,
          serial_shops, shop, shop
Temple:   minmay_temple_bridge_abc

Skill      XL: |  1  2  3  4  5  6  7  8  9 10 11 |
---------------+----------------------------------+-----
Fighting       | 2 3 4 6 7 8 |  8.0
Short Blades   | 2 3 4 5 6 7 10 13 | 13.7
Dodging        | 1 2 4 |  4.0
Stealth        | 5 6 |  6.0
Shields        | 1 4 |  4.0
Evocations     | 1 4 |  4.0
Throwing       | |  1.7

Action                   |  1- 3 |  4- 6 |  7- 9 | 10-12 || total
-------------------------+-------+-------+-------+-------++-------
Melee: Dagger            |    63 |   176 |   287 |       ||   526
       Bite              |    12 |    41 |   143 |    52 ||   248
       Rapier            |       |       |   138 |   155 ||   293
Throw: Dart              |     1 |    14 |    19 |    11 ||    45
Evoke: Wand              |       |       |     5 |     1 ||     6
  Use: Scroll            |       |     3 |    12 |       ||    15
       Potion            |       |       |       |     2 ||     2
 Stab: Sleeping          |     6 |       |       |       ||     6
       Paralysed         |       |       |       |     8 ||     8
Armor: Ring mail         |    22 |       |       |       ||    22
       Chain mail        |       |   140 |   148 |    52 ||   340
Dodge: Dodged            |    23 |    59 |    90 |    33 ||   205
Block: Buckler           |       |       |     2 |    37 ||    39

Table legend: (Time is in decaauts)
 A = Elapsed time spent in this place.
 B = Non-inter-level travel time spent in this place.
 C = Inter-level travel time spent in this place.
 D = Time resting spent in this place.
 E = Time spent auto-exploring this place.
 F = Levels seen in this place.
 G = Mean time per level.
                   A        B        C        D        E       F      G
               +--------+--------+--------+--------+--------+-----+--------+
         Total |   8673 |   8265 |    408 |    523 |   5995 |  11 |  788.5 |
       Dungeon |   7738 |   7360 |    378 |    499 |   5334 |   9 |  859.8 |
        Temple |    210 |    180 |     30 |      0 |    179 |   1 |  210.0 |
         Sewer |    724 |    724 |      0 |     23 |    481 |   1 |  724.0 |
               +--------+--------+--------+--------+--------+-----+--------+

Top non-repeatable levels by time:
     D:4: 1340 daAuts
     D:1: 1104 daAuts
     D:2: 1018 daAuts
     D:5: 924 daAuts
     D:3: 912 daAuts
     D:7: 859 daAuts
     D:8: 745 daAuts
   Sewer: 724 daAuts
     D:6: 582 daAuts
     D:9: 251 daAuts
  Temple: 210 daAuts
